A+ CENTRAL
SOUTH BEND CUBS @ WEST MICHIGAN WHITECAPS
07/22/2041
 
TOP OF THE 1ST
South Bend Cubs batting - Pitching for West Michigan Whitecaps : LHP Alfredo Acosta
Pitching: LHP Alfredo Acosta
Batting: SHB Joe Walters 0-0: Ball
1-0: Called Strike
1-1: Ball
2-1: Foul Ball, location: 2F
2-2: Strikes out swinging
Batting: RHB Willie Jones 0-0: Called Strike
0-1: Ball
1-1: Called Strike
1-2: Ball
2-2: Strikes out swinging
Batting: RHB Pepe Vega 0-0: Swinging Strike
0-1: Fly out, F7 (Flyball, 78M, EV 87.5 MPH)
Top of the 1st over - 0 runs, 0 hits, 0 errors, 0 left on base; South Bend 0 - West Michigan 0
BOTTOM OF THE 1ST
West Michigan Whitecaps batting - Pitching for South Bend Cubs : LHP José Calderón
Pitching: LHP José Calderón
Batting: LHB António Espinosa 0-0: Foul Ball, location: 3FF
0-1: Ball
1-1: Called Strike
1-2: Ground out U3 (Groundball, 34, EV 82.5 MPH)
Batting: LHB José Hernández 0-0: Ground out 1-3 (Groundball, 13S, EV 73.1 MPH)
Batting: LHB Manny Blanco 0-0: Ball
1-0: Ball
2-0: Ground out 3-1 (Groundball, 34, EV 103.1 MPH)
Bottom of the 1st over - 0 runs, 0 hits, 0 errors, 0 left on base; South Bend 0 - West Michigan 0
TOP OF THE 2ND
South Bend Cubs batting - Pitching for West Michigan Whitecaps : LHP Alfredo Acosta
Batting: SHB Israel Ramírez 0-0: Foul Ball, location: 9LSF
0-1: Ball
1-1: Foul Ball, location: 2F
1-2: Foul Ball, location: 2F
1-2: Ball
2-2: Foul Ball, location: 2RF
2-2: Ball
3-2: Foul Ball, location: 7LMF
3-2: Foul Ball, location: 2F
3-2: Strikes out swinging
Batting: RHB Clint Rice 0-0: Swinging Strike
0-1: Called Strike
0-2: Ball
1-2: Strikes out looking
Batting: SHB Ángelo Ríos 0-0: Called Strike
0-1: Ball
1-1: Swinging Strike
1-2: Strikes out swinging
Top of the 2nd over - 0 runs, 0 hits, 0 errors, 0 left on base; South Bend 0 - West Michigan 0
BOTTOM OF THE 2ND
West Michigan Whitecaps batting - Pitching for South Bend Cubs : LHP José Calderón
Batting: RHB Aurelio Rodríguez 0-0: Ball
1-0: Called Strike
1-1: Ball
2-1: Swinging Strike
2-2: Fly out, F8 (Flyball, 89D, EV 104.4 MPH)
Batting: RHB Steffen Younger 0-0: Called Strike
0-1: Ball
1-1: Foul Ball, location: 5F
1-2: DOUBLE (Line Drive, 9LM, EV 102.5 MPH)
Batting: SHB José Díaz 0-0: Swinging Strike
0-1: Ball
1-1: Swinging Strike
1-2: Strikes out swinging
Batting: RHB Bob Adams 0-0: Called Strike
0-1: Hit by Pitch
Batting: RHB Ron Jones 0-0: Swinging Strike
0-1: Fly out, F6 (Popup, 6S, EV 70.0 MPH)
Bottom of the 2nd over - 0 runs, 1 hit, 0 errors, 2 left on base; South Bend 0 - West Michigan 0
TOP OF THE 3RD
South Bend Cubs batting - Pitching for West Michigan Whitecaps : LHP Alfredo Acosta
Batting: RHB Raúl Morales 0-0: Foul Ball, location: 9LSF
0-1: Swinging Strike
0-2: Ball
1-2: Strikes out swinging
Batting: SHB Victor Turner 0-0: Ball
1-0: Swinging Strike
1-1: Swinging Strike
1-2: Strikes out swinging
Batting: RHB Jorge Colón 0-0: Ground out U3 (Groundball, 3L, EV 102.5 MPH)
Top of the 3rd over - 0 runs, 0 hits, 0 errors, 0 left on base; South Bend 0 - West Michigan 0
BOTTOM OF THE 3RD
West Michigan Whitecaps batting - Pitching for South Bend Cubs : LHP José Calderón
Batting: RHB Oliver Vera 0-0: Swinging Strike
0-1: Ball
1-1: Ball
2-1: Foul Ball, location: 2F
2-2: Fly out, F8 (Flyball, 8LM, EV 98.1 MPH)
Batting: LHB António Espinosa 0-0: Called Strike
0-1: Ball
1-1: Called Strike
1-2: Ball
2-2: Foul Ball, location: 5DF
2-2: Ball
3-2: Ground out 4-3 (Groundball, 4MD, EV 100.0 MPH)
Batting: LHB José Hernández 0-0: Reached on error, E6 (Groundball, 6, EV 80.6 MPH)
Batting: LHB Manny Blanco 0-0: Called Strike
0-1: Ball
1-1: Ball
2-1: DOUBLE (Line Drive, 5D, EV 105.6 MPH)
José Hernández to third
Runner from 3rd tries for Home, SAFE, throw by LF to home
Batting: RHB Aurelio Rodríguez 0-0: Ball
1-0: Called Strike
1-1: DOUBLE (Line Drive, 5D, EV 101.9 MPH)
Manny Blanco scores
Batting: RHB Steffen Younger 0-0: Ball
1-0: Ball
2-0: Ball
3-0: Base on Balls
Batting: SHB José Díaz 0-0: Ball
1-0: Ball
2-0: Ball
3-0: Called Strike
3-1: SINGLE (Groundball, 34D, EV 100.0 MPH)
Aurelio Rodríguez to third
Steffen Younger to second
Runner from 3rd tries for Home, SAFE, throw by RF to home
Batting: RHB Bob Adams 0-0: Called Strike
0-1: Ball
1-1: Swinging Strike
1-2: Ball
2-2: Fly out, F8 (Flyball, 89M, EV 91.9 MPH)
Bottom of the 3rd over - 3 runs, 3 hits, 1 error, 2 left on base; South Bend 0 - West Michigan 3
TOP OF THE 4TH
South Bend Cubs batting - Pitching for West Michigan Whitecaps : LHP Alfredo Acosta
Batting: SHB Joe Walters 0-0: Foul Ball, location: 23FF
0-1: Ball
1-1: Bunted foul
1-2: SINGLE (Groundball, 6MS, EV 65.0 MPH) (infield hit)
Batting: RHB Willie Jones 0-0: Called Strike
0-1: Called Strike
0-2: Fly out, F7 (Flyball, 78M, EV 86.9 MPH)
Batting: RHB Pepe Vega 0-0: Called Strike
0-1: Foul Ball, location: 9LDF
0-2: Ball
1-2: Foul Ball, location: 25FF
1-2: Foul Ball, location: 2F
1-2: Foul Ball, location: 2F
1-2: Foul Ball, location: 2F
1-2: Foul Ball, location: 2F
1-2: Foul Ball, location: 2F
1-2: Ball
2-2: Foul Ball, location: 5F
2-2: Fly out, F3 (Popup, 3SF, EV 77.5 MPH)
Batting: SHB Israel Ramírez 0-0: Ball
Joe Walters is caught stealing 2nd base 2-4
Top of the 4th over - 0 runs, 1 hit, 0 errors, 0 left on base; South Bend 0 - West Michigan 3
BOTTOM OF THE 4TH
West Michigan Whitecaps batting - Pitching for South Bend Cubs : LHP José Calderón
Batting: RHB Ron Jones 0-0: Called Strike
0-1: Foul Ball, location: 23FF
0-2: Ball
1-2: Fly out, F8 (Flyball, 8RD, EV 88.1 MPH)
Batting: RHB Oliver Vera 0-0: Foul Ball, location: 3SF
0-1: Fly out, F8 (Flyball, 78M, EV 88.1 MPH)
Batting: LHB António Espinosa 0-0: Ball
1-0: Ball
2-0: Called Strike
2-1: Ground out 5-3 (Groundball, 56S, EV 85.0 MPH)
Bottom of the 4th over - 0 runs, 0 hits, 0 errors, 0 left on base; South Bend 0 - West Michigan 3
TOP OF THE 5TH
South Bend Cubs batting - Pitching for West Michigan Whitecaps : LHP Alfredo Acosta
Batting: SHB Israel Ramírez 0-0: Ball
1-0: Ball
2-0: Foul Ball, location: 2F
2-1: Fly out, F9 (Flyball, 89M, EV 80.0 MPH)
Batting: RHB Clint Rice 0-0: Ground out 4-3 (Groundball, 4, EV 80.6 MPH)
Batting: SHB Ángelo Ríos 0-0: Swinging Strike
0-1: Ball
1-1: Ball
2-1: Ground out U3 (Groundball, 3L, EV 101.3 MPH)
Top of the 5th over - 0 runs, 0 hits, 0 errors, 0 left on base; South Bend 0 - West Michigan 3
BOTTOM OF THE 5TH
West Michigan Whitecaps batting - Pitching for South Bend Cubs : LHP José Calderón
Batting: LHB José Hernández 0-0: Ball
1-0: SINGLE (Groundball, 4MS, EV 67.5 MPH) (infield hit)
Batting: LHB Manny Blanco 0-0: Foul Ball, location: 7LSF
0-1: Grounds into double play, 6-4-3 (Groundball, 6, EV 81.3 MPH)
Batting: RHB Aurelio Rodríguez 0-0: Ball
1-0: Ground out 5-3 (Groundball, 56S, EV 81.9 MPH)
Bottom of the 5th over - 0 runs, 1 hit, 0 errors, 0 left on base; South Bend 0 - West Michigan 3
TOP OF THE 6TH
South Bend Cubs batting - Pitching for West Michigan Whitecaps : LHP Alfredo Acosta
Batting: RHB Raúl Morales 0-0: Ball
1-0: Called Strike
1-1: Swinging Strike
1-2: Strikes out swinging
Batting: SHB Victor Turner 0-0: Ball
1-0: Ball
2-0: Called Strike
2-1: Called Strike
2-2: Ball
3-2: Strikes out swinging
Batting: RHB Jorge Colón 0-0: Foul Ball, location: 7LDF
0-1: Ball
1-1: Ball
2-1: Foul Ball, location: 5DF
2-2: Ball
3-2: Foul Ball, location: 2F
3-2: Strikes out swinging
Top of the 6th over - 0 runs, 0 hits, 0 errors, 0 left on base; South Bend 0 - West Michigan 3
BOTTOM OF THE 6TH
West Michigan Whitecaps batting - Pitching for South Bend Cubs : LHP José Calderón
Batting: RHB Steffen Younger 0-0: Ball
1-0: Ball
2-0: Called Strike
2-1: Swinging Strike
2-2: Ball
3-2: Ground out 5-3 (Groundball, 5, EV 85.0 MPH)
Pitching: RHP Jeremy Carpenter
Batting: SHB José Díaz 0-0: Foul Ball, location: 7LMF
0-1: Swinging Strike
0-2: Strikes out swinging
Batting: RHB Bob Adams 0-0: DOUBLE (Line Drive, 89M, EV 101.3 MPH)
Batting: RHB Ron Jones 0-0: Ball
1-0: Ball
2-0: Called Strike
2-1: Foul Ball, location: 3SF
2-2: DOUBLE (Line Drive, 7LS, EV 106.9 MPH)
Bob Adams scores
Batting: RHB Oliver Vera 0-0: Ball
1-0: Ball
2-0: Called Strike
2-1: Ball
3-1: Base on Balls
Batting: LHB António Espinosa 0-0: Ball
1-0: Called Strike
1-1: Fly out, F7 (Flyball, 7, EV 73.1 MPH)
Bottom of the 6th over - 1 run, 2 hits, 0 errors, 2 left on base; South Bend 0 - West Michigan 4
TOP OF THE 7TH
South Bend Cubs batting - Pitching for West Michigan Whitecaps : LHP Alfredo Acosta
Batting: SHB Joe Walters 0-0: Ball
1-0: Foul Ball, location: 2F
1-1: Swinging Strike
1-2: Strikes out swinging
Batting: RHB Willie Jones 0-0: Ball
1-0: Ball
2-0: Ground out 4-3 (Groundball, 34, EV 105.0 MPH)
Batting: RHB Pepe Vega 0-0: Called Strike
0-1: Swinging Strike
0-2: Ball
1-2: Ball
2-2: Ball
3-2: SINGLE (Line Drive, 78S, EV 100.6 MPH)
Batting: SHB Israel Ramírez 0-0: Called Strike
0-1: Called Strike
0-2: Ball
1-2: Ball
2-2: Ball
3-2: Foul Ball, location: 9LSFF
3-2: Foul Ball, location: 9LMF
3-2: Strikes out swinging
Top of the 7th over - 0 runs, 1 hit, 0 errors, 1 left on base; South Bend 0 - West Michigan 4
BOTTOM OF THE 7TH
West Michigan Whitecaps batting - Pitching for South Bend Cubs : RHP Jeremy Carpenter
Batting: LHB José Hernández 0-0: Ground out 5-3 (Groundball, 56, EV 86.9 MPH)
Batting: LHB Manny Blanco 0-0: Ball
1-0: Foul Ball, location: 7LDF
1-1: Swinging Strike
1-2: Ball
2-2: Ball
3-2: Foul Ball, location: 9LSF
3-2: Base on Balls
Batting: RHB Aurelio Rodríguez 0-0: Ball
1-0: Swinging Strike
1-1: Foul Ball, location: 25F
1-2: Ball
2-2: Strikes out swinging
Batting: RHB Steffen Younger 0-0: Swinging Strike
0-1: Ball
1-1: Ball
2-1: Ball
3-1: Foul Ball, location: 25F
3-2: Strikes out swinging
Bottom of the 7th over - 0 runs, 0 hits, 0 errors, 1 left on base; South Bend 0 - West Michigan 4
TOP OF THE 8TH
South Bend Cubs batting - Pitching for West Michigan Whitecaps : LHP Alfredo Acosta
Batting: RHB Clint Rice 0-0: Called Strike
0-1: Ball
1-1: Foul Ball, location: 3FF
1-2: Ball
2-2: Ball
3-2: Ground out 4-3 (Groundball, 4M, EV 89.4 MPH)
Batting: SHB Ángelo Ríos 0-0: Swinging Strike
0-1: Foul Ball, location: 2RF
0-2: Ground out 1-3 (Groundball, 15S, EV 69.4 MPH)
Batting: RHB Raúl Morales 0-0: Called Strike
0-1: Foul Ball, location: 3F
0-2: Ball
1-2: DOUBLE (Line Drive, 7LM, EV 93.1 MPH)
Pitching: LHP José Ramos
Batting: SHB Victor Turner 0-0: Foul Ball, location: 23F
0-1: Foul Ball, location: 3FF
0-2: Foul Ball, location: 2F
0-2: Strikes out swinging, 2-3 out at first.
Top of the 8th over - 0 runs, 1 hit, 0 errors, 1 left on base; South Bend 0 - West Michigan 4
BOTTOM OF THE 8TH
West Michigan Whitecaps batting - Pitching for South Bend Cubs : RHP Jeremy Carpenter
Pitching: RHP Dan Carr
Batting: SHB José Díaz 0-0: Ball
1-0: Swinging Strike
1-1: Ball
2-1: Fly out, F8 (Flyball, 78D, EV 90.0 MPH)
Batting: RHB Bob Adams 0-0: Ball
1-0: Ball
2-0: Foul Ball, location: 9LMFF
2-1: Ball
3-1: Foul Ball, location: 2LF
3-2: Foul Ball, location: 5FF
3-2: Fly out, F7 (Flyball, 7, EV 91.9 MPH)
Batting: RHB Ron Jones 0-0: Ball
1-0: Foul Ball, location: 3FF
1-1: Foul Ball, location: 2F
1-2: Strikes out looking
Bottom of the 8th over - 0 runs, 0 hits, 0 errors, 0 left on base; South Bend 0 - West Michigan 4
TOP OF THE 9TH
South Bend Cubs batting - Pitching for West Michigan Whitecaps : LHP José Ramos
Pinch Hitting: RHB José Segala 0-0: Ball
1-0: Ball
2-0: Called Strike
2-1: DOUBLE (Flyball, 8RXD, EV 102.5 MPH)
Batting: SHB Joe Walters 0-0: Ball
1-0: Ball
2-0: Ball
3-0: Base on Balls
Pitching: RHP Robinson Benítez
Batting: RHB Willie Jones 0-0: Ball
1-0: Foul Ball, location: 2F
1-1: Foul Ball, location: 2F
1-2: Foul Ball, location: 7LSFF
1-2: Foul Ball, location: 3F
1-2: Foul Ball, location: 9LDF
1-2: Strikes out swinging
Batting: RHB Pepe Vega 0-0: Ball
1-0: Called Strike
1-1: Swinging Strike
1-2: Strikes out swinging
Batting: SHB Israel Ramírez 0-0: Swinging Strike
0-1: Called Strike
0-2: Foul Ball, location: 5F
0-2: Ball
1-2: Strikes out swinging
Top of the 9th over - 0 runs, 1 hit, 0 errors, 2 left on base; South Bend 0 - West Michigan 4
Monday, April 1st , 2024 - OOTP Baseball 24.10 Build 82